Map: Rhoskallian LE

Players

Maru

  • Race: Terran Terran
  • Spawn Location: 12:00

ПенисМоржа

  • Race: Terran Terran
  • Spawn Location: 11:00

Massa - Winner!

  • Race: Terran Terran
  • Spawn Location: 5:00

qqq - Winner!

  • Race: Protoss Protoss
  • Spawn Location: 6:00

VOD

Have the link to the VOD?

Description

Time

  • Played on: June 12, 2020, 11:36 a.m.
  • Length: 25:47
Show
View Real Time Build Order
Export as new Build Order

Maru Terran 

Build Orders: 2 Factory, Gas First Reaper Expand, Mech 

Get SALT Encoding   

  12  0:01  SCV  
  13  0:24  SCV  
  14  0:28  Refinery  
  14  0:30  Supply Depot  
  14  0:43  SCV  
  15  0:54  Barracks  
  15  0:55  SCV  
  16  1:16  SCV  
  16  1:18  Refinery  
  17  1:28  SCV  
  18  1:40  SCV  
  19  1:56  Reaper  
  19  2:00  Factory  
  20  2:08  Orbital Command  
  20  2:23  Command Center  
  20  2:39  SCV  
  21  2:44  Supply Depot  
  21  2:46  Factory Tech Lab  
  21  2:51  SCV  
  21  2:55  Factory  
  22  2:58  Barracks Tech Lab  
  22  3:04  SCV  
  23  3:10  Armory  
  23  3:16  SCV  
  24  3:21  Siege Tank  
  26  3:56  Factory Tech Lab  
  26  3:59  Orbital Command  
  26  4:01  SCV  
  26  4:02  Refinery  
  27  4:13  SCV  
  28  4:25  SCV  
  30  4:31  SCV  
  30  4:32  Siege Tank x2  
  30  4:37  SCV  
  37  4:43  SCV  
  38  4:47  Marine  
  38  4:49  SCV  
  40  4:55  SCV  
  40  4:57  Engineering Bay  
  41  5:00  Terran Vehicle Weapons Level 1  
  41  5:01  SCV  
  41  5:02  Supply Depot  
  41  5:04  Siege Tank  
  41  5:05  Marine  
  46  5:12  Supply Depot  
  46  5:22  Drilling Claws  
  46  5:23  Marine, SCV  
  46  5:24  SCV  
  49  5:36  SCV x2  
  49  5:38  Supply Depot  
  51  5:45  Missile Turret  
  51  5:48  Missile Turret, SCV x2  
  53  5:52  Missile Turret  
  53  5:55  Refinery  
  53  6:00  SCV x2  
  55  6:06  Missile Turret  
  55  6:11  Supply Depot  
  55  6:12  SCV x2  
  55  6:16  Supply Depot  
  57  6:23  Armory  
  57  6:35  Supply Depot  
  57  6:38  Supply Depot  
  57  6:42  Thor, Command Center  
  57  6:44  Widow Mine  
  57  6:47  SCV x2  
  67  6:58  Supply Depot  
  67  7:01  Supply Depot  
  67  7:03  SCV x2  
  67  7:07  Terran Vehicle Weapons Level 2  
  69  7:15  SCV x2  
  71  7:16  Missile Turret  
  71  7:21  Supply Depot  
  71  7:23  Terran Vehicle And Ship Armor Level 1  
  71  7:25  Supply Depot  
  71  7:37  Missile Turret, Siege Tank x2  
  71  7:42  Refinery  
  77  7:57  Missile Turret  
  77  7:58  Factory  
  77  8:00  Factory  
  77  8:09  Thor  
  83  8:18  Missile Turret  
  83  8:25  Thor  
  83  8:52  Thor  
  70  9:08  Siege Tank  
  71  9:23  Factory Tech Lab  
  71  9:25  Orbital Command  
  71  9:27  SCV x2  
  73  9:35  Siege Tank  
  73  9:36  Factory x2  
  76  9:39  SCV x2  
  76  9:40  Siege Tank  
  81  9:50  Missile Turret  
  81  9:51  SCV x2  
  83  9:56  Siege Tank  
  83  9:58  SCV  
  87  10:03  SCV  
  87  10:04  SCV  
  89  10:07  Siege Tank  
  89  10:10  SCV  
  89  10:13  Siege Tank  
  95  10:15  SCV  
  95  10:16  SCV  
  97  10:22  SCV  
  97  10:28  Siege Tank, SCV x2  
  91  10:34  SCV  
  86  10:37  Factory Tech Lab x2  
  86  10:45  Missile Turret  
  86  10:50  Siege Tank x2  
  86  10:54  SCV x3  
  95  11:00  Siege Tank  
  95  11:01  Refinery  
  98  11:06  Missile Turret, SCV x2  
  100  11:22  Thor  
  100  11:23  Command Center  
  106  11:28  Missile Turret  
  106  11:34  Siege Tank x3  
  106  11:35  Widow Mine  
  117  11:56  Widow Mine  
  119  12:05  Widow Mine  
  119  12:06  Widow Mine x2  
  119  12:07  Widow Mine  
  123  12:09  Terran Vehicle Weapons Level 3  
  123  12:12  Supply Depot  
  121  12:18  Widow Mine  
  120  12:26  Thor  
  126  12:34  Supply Depot  
  126  12:48  Thor x2  
  126  12:50  Siege Tank  
  141  12:56  Supply Depot  
  139  12:58  SCV x2  
  139  12:59  SCV  
  142  13:10  Widow Mine x2  
  146  13:19  Supply Depot, Sensor Tower  
  146  13:22  Widow Mine  
  148  13:31  Widow Mine x4  
  156  13:44  Missile Turret  
  146  14:32  Siege Tank x2  
  146  14:33  Siege Tank x3  
  153  15:04  Thor x3  
  153  15:05  Siege Tank x2  
  168  15:37  Siege Tank x2  
  174  15:44  Orbital Command  
  174  15:47  Widow Mine  
  174  15:48  Missile Turret, Widow Mine x2  
  180  15:50  SCV  
  180  15:51  SCV x2  
  170  16:03  SCV x3  
  166  16:09  Widow Mine, Siege Tank x3  
  174  16:15  SCV x3  
  155  16:18  Widow Mine  
  149  16:30  Widow Mine  
  139  16:39  Widow Mine  
  141  16:41  Widow Mine x3  
  147  16:52  Widow Mine  
  149  17:00  SCV x4  
  149  17:01  Widow Mine  
  155  17:02  Thor x2, Widow Mine  
  155  17:03  Refinery  
  155  17:05  Refinery  
  169  17:12  Thor, SCV x4  
  166  17:24  SCV  
  141  18:00  Siege Tank x2  
  141  18:01  Siege Tank x3  
  152  18:32  Siege Tank  
  152  18:33  Siege Tank x4  
  140  19:05  Refinery, Widow Mine x4  
  140  19:07  SCV  
  140  19:08  SCV x3  
  152  19:20  SCV  
  152  19:23  Factory x2  
  153  19:25  Factory  
  153  19:26  Factory  
  153  19:28  Missile Turret  
  153  19:30  Missile Turret x2  
  153  19:31  Missile Turret  
  153  19:38  Missile Turret  
  153  19:40  Missile Turret  
  153  19:47  Thor x3  
  133  20:39  Factory Tech Lab x3  
  133  20:40  Factory Tech Lab  
  133  20:47  Orbital Command  
  133  20:48  Command Center  
  133  20:50  Refinery  
  133  20:53  Refinery  
  133  20:58  Terran Vehicle And Ship Armor Level 2  
  130  21:52  Siege Tank x3  
  130  21:53  Widow Mine  
  130  21:54  Widow Mine x3  
  147  22:00  Widow Mine x2  
  151  22:03  Supply Depot  
  151  22:04  Supply Depot x2  
  151  22:05  Supply Depot  
  151  22:15  Widow Mine x2  
  155  22:24  Missile Turret, Widow Mine x4  
  155  22:26  Missile Turret x2, Widow Mine x3  
  155  22:27  Missile Turret  
  169  22:36  Missile Turret, Widow Mine x2  
  173  22:38  Missile Turret  
  173  22:39  Missile Turret  
  173  22:41  Missile Turret  
  173  22:44  Missile Turret x2  
  173  22:46  Widow Mine x4  
  173  22:47  Widow Mine x3  
  181  23:12  Thor x3  
  150  23:13  Thor  
  106  23:52  Thor  
  86  24:05  Widow Mine  
  86  24:06  Widow Mine x3  
Show
View Real Time Build Order
Export as new Build Order

ПенисМоржа Terran 

Build Orders: 2 Factory, Reaper Expand 

Get SALT Encoding   

  12  0:01  SCV  
  13  0:13  SCV  
  14  0:25  Supply Depot, SCV  
  15  0:37  Refinery  
  15  0:46  SCV  
  15  0:48  Barracks  
  16  1:09  SCV  
  16  1:21  SCV  
  17  1:33  SCV  
  17  1:36  Command Center  
  18  1:49  Reaper  
  20  1:55  Orbital Command  
  19  2:19  Refinery  
  19  2:21  SCV  
  20  2:27  Barracks Tech Lab  
  20  2:38  SCV  
  20  2:39  Factory  
  21  2:48  Orbital Command  
  21  2:51  SCV  
  22  2:54  Reaper  
  23  3:03  Factory  
  23  3:04  SCV  
  24  3:15  SCV  
  24  3:16  SCV  
  26  3:27  SCV  
  27  3:29  SCV  
  28  3:40  SCV  
  29  3:43  Cyclone  
  29  3:44  Mag-Field Accelerator  
  32  4:01  Factory Tech Lab  
  32  4:07  Supply Depot, Factory, SCV x2  
  34  4:12  Engineering Bay  
  34  4:14  Refinery  
  34  4:15  Refinery  
  34  4:16  Reaper  
  34  4:19  SCV x2  
  36  4:31  SCV x2  
  37  4:33  Cyclone  
  41  4:42  Cyclone  
  41  4:43  SCV x2  
  41  4:45  Missile Turret  
  46  4:55  SCV  
  46  4:59  Supply Depot  
  46  5:02  Missile Turret  
  46  5:20  Cyclone x2, SCV  
  53  5:23  Supply Depot  
  53  5:27  Supply Depot  
  53  5:30  Factory Tech Lab  
  53  5:40  SCV x2  
  55  5:43  Supply Depot  
  55  5:50  Cyclone  
  55  5:52  SCV  
  59  6:02  Widow Mine  
  61  6:05  Cyclone  
  61  6:09  Armory  
  64  6:11  Supply Depot  
  64  6:12  SCV x2  
  66  6:40  Cyclone x2  
  66  6:41  Cyclone  
  66  6:42  Supply Depot  
  66  6:43  SCV x2  
  77  6:57  Factory, SCV x2  
  77  7:00  Drilling Claws  
  79  7:06  Factory  
  79  7:09  SCV x2  
  79  7:12  Cyclone  
  79  7:13  Cyclone x2  
  90  7:37  SCV x2  
  90  7:38  Supply Depot  
  90  7:41  Factory Reactor  
  92  7:44  Cyclone  
  92  7:45  Cyclone x2  
  101  8:07  Terran Vehicle And Ship Armor Level 1, Command Center  
  101  8:09  Factory Reactor  
  101  8:17  Cyclone x2, SCV x2  
  109  8:26  Supply Depot, Widow Mine x2  
  113  8:27  Supply Depot  
  113  8:29  SCV x2  
  113  8:31  Supply Depot  
  114  8:38  Cyclone  
  117  8:47  Widow Mine  
  119  8:49  Cyclone  
  95  9:06  Widow Mine x3  
  95  9:07  Cyclone  
  98  9:10  Cyclone  
  89  9:28  Planetary Fortress  
  89  9:37  SCV x2  
  91  9:49  SCV  
  86  10:01  Refinery  
  86  10:02  Widow Mine x4  
  86  10:03  Cyclone x3, Refinery  
  86  10:05  Missile Turret, SCV x3  
  106  10:09  Command Center  
  106  10:24  Widow Mine x2  
  106  10:25  Widow Mine x2  
  114  10:35  Cyclone x2, Widow Mine  
  108  10:51  SCV x3  
  108  10:57  Cyclone  
  114  11:04  Supply Depot x2  
  114  11:07  Cyclone  
  117  11:14  SCV x2  
  117  11:15  SCV  
  117  11:16  Cyclone  
  117  11:17  Widow Mine x4  
  131  11:26  SCV x2  
  131  11:29  Cyclone  
  133  11:38  Widow Mine x2  
  133  11:39  Cyclone  
  140  11:44  SCV  
  140  11:45  SCV x2  
  136  11:57  SCV  
  123  12:17  SCV  
  123  12:18  Cyclone, SCV x2  
  123  12:19  Cyclone x2, Widow Mine  
  123  12:20  Widow Mine x3  
  141  12:30  SCV  
  141  12:41  Widow Mine x4  
  141  12:42  SCV  
  141  12:43  SCV x2  
  152  12:51  Cyclone x3  
  161  12:54  SCV  
  162  12:59  Smart Servos  
  162  13:02  Widow Mine x3  
  162  13:03  Widow Mine  
  162  13:04  Supply Depot  
  165  13:23  Cyclone x2, Widow Mine  
  164  13:41  Widow Mine  
  164  13:42  Widow Mine x3  
  164  13:45  Widow Mine  
  172  13:55  Cyclone, Widow Mine  
  169  14:06  Cyclone  
  166  14:16  Cyclone  
  152  14:21  Widow Mine x4  
  142  14:27  Cyclone  
  139  14:38  Cyclone  
  142  14:42  Widow Mine x3  
  146  14:48  Cyclone  
  149  14:56  Widow Mine  
  149  14:59  Cyclone  
  154  15:03  Factory, Widow Mine x2  
  154  15:04  Widow Mine  
  160  15:08  Factory  
  160  15:10  Cyclone  
  163  15:20  Cyclone  
  166  15:31  Cyclone  
  166  15:32  SCV x2  
  168  15:39  Widow Mine x3  
  168  15:40  Widow Mine  
  168  15:42  Cyclone  
  179  15:52  Cyclone  
  182  15:58  Planetary Fortress  
  182  16:00  Widow Mine  
  182  16:02  Factory Tech Lab  
  182  16:03  Cyclone  
  181  16:14  Cyclone  
  184  16:25  Cyclone  
  173  16:35  Cyclone  
  173  16:39  SCV x3  
  173  16:40  SCV  
  173  16:41  Cyclone  
  173  16:43  Widow Mine x2  
  173  16:46  Cyclone  
  183  16:51  SCV x2  
  183  16:52  SCV  
  186  16:56  Thor, Missile Turret  
  186  16:59  Missile Turret  
  192  17:02  Factory Tech Lab  
  192  17:07  Thor  
  198  17:13  Cyclone  
  178  17:31  Cyclone x2  
  178  17:32  Widow Mine x3  
  178  17:33  Widow Mine  
  190  17:39  Cyclone  
  189  17:45  Cyclone  
  189  17:50  Cyclone  
  195  17:54  Widow Mine x2  
  196  18:12  Cyclone  
  181  18:29  Cyclone  
  181  18:30  Cyclone x3  
  181  18:31  Widow Mine x3  
  196  18:44  Cyclone  
  196  18:46  Refinery x2  
  190  19:02  Cyclone x3  
  187  19:44  SCV x3  
  177  19:46  Cyclone x2  
  177  19:47  Cyclone x3  
  177  19:48  Widow Mine  
  177  19:49  Widow Mine x2  
  196  19:56  SCV x2  
  183  20:18  Cyclone  
  178  20:26  Thor  
  160  20:41  Command Center  
  159  21:05  Thor  
  147  21:26  Cyclone  
  144  22:01  Widow Mine  
  144  22:02  Cyclone, Widow Mine x4  
  127  22:37  Thor  
  127  22:40  Command Center  
  118  22:56  SCV x3  
  117  23:00  Cyclone  
  90  23:28  Hellion x2  
  90  23:29  Hellion x6  
  90  23:33  Hellion  
  86  23:50  Hellion x8  
  86  23:54  Hellion  
  85  24:11  Hellion x8  
  85  24:15  Hellion  
  85  24:32  Hellion  
  85  24:33  Hellion x6  
  85  24:37  Hellion  
Show
View Real Time Build Order
Export as new Build Order

Massa Terran - Winner!

Build Orders:  

Get SALT Encoding   

  12  0:08  SCV  
  13  0:17  Supply Depot  
  13  0:20  SCV  
  14  0:32  SCV  
  15  0:41  Barracks  
  15  0:44  SCV  
  16  1:01  Barracks  
  16  1:04  SCV  
  17  1:16  SCV  
  18  1:28  SCV  
  19  1:45  Command Center  
  19  1:58  Refinery  
  19  1:59  Orbital Command  
  19  2:02  Marine  
  19  2:05  Marine  
  19  2:06  Refinery  
  21  2:20  Marine  
  22  2:23  Marine  
  23  2:41  Supply Depot  
  23  2:56  SCV  
  24  2:58  Supply Depot  
  24  2:59  Barracks Tech Lab  
  24  3:05  Barracks Tech Lab  
  24  3:08  SCV  
  24  3:09  SCV  
  26  3:18  Factory  
  26  3:20  SCV  
  26  3:22  Marauder, SCV  
  30  3:31  Barracks  
  30  3:32  SCV  
  30  3:34  SCV  
  30  3:46  SCV  
  31  3:56  SCV  
  31  4:01  Orbital Command  
  32  4:06  Supply Depot  
  32  4:08  SCV  
  37  4:10  Factory Tech Lab, Marauder x2  
  37  4:20  SCV  
  38  4:29  Siege Tank  
  41  4:32  Concussive Shells, SCV  
  41  4:33  Stimpack  
  42  4:44  SCV  
  43  5:01  Siege Tank  
  43  5:02  SCV x2  
  48  5:09  Barracks Reactor, Refinery  
  48  5:14  SCV x2  
  48  5:19  Engineering Bay  
  50  5:24  Engineering Bay  
  50  5:26  SCV  
  51  5:32  SCV  
  52  5:38  Siege Tank  
  52  5:39  SCV  
  52  5:41  Marauder  
  58  5:44  Marauder, SCV  
  58  5:45  Armory  
  58  5:48  Marine  
  62  5:55  Supply Depot  
  62  5:58  Missile Turret  
  62  6:04  Missile Turret  
  62  6:08  Supply Depot  
  62  6:09  Terran Infantry Weapons Level 1  
  62  6:16  Marine x2  
  62  6:17  Marauder, Combat Shield  
  66  6:19  Missile Turret  
  66  6:23  Marine  
  66  6:24  Missile Turret  
  67  6:33  Terran Infantry Armor Level 1  
  67  6:34  Marine  
  67  6:35  Marauder  
  67  6:39  Marauder  
  72  6:41  Marine  
  72  6:45  Missile Turret  
  73  6:48  SCV  
  73  6:49  SCV  
  73  6:52  Marine  
  76  6:56  Marauder  
  76  6:59  Terran Vehicle Weapons Level 1  
  78  7:04  Supply Depot  
  78  7:07  Supply Depot  
  78  7:10  Supply Depot  
  78  7:13  Supply Depot  
  78  7:16  Supply Depot  
  78  7:20  Supply Depot  
  78  7:25  Command Center  
  78  7:26  Marauder x2, Marine, SCV x2  
  85  7:36  Marine  
  85  7:42  Supply Depot  
  86  7:48  Marauder x2  
  90  7:52  Marine  
  90  7:54  Marine  
  90  7:55  Thor  
  98  8:01  Barracks  
  98  8:09  Marauder x2  
  98  8:10  Marine  
  103  8:23  Marine  
  104  8:27  Marine  
  104  8:30  Marauder x2  
  109  8:37  Thor  
  115  8:41  Marine  
  115  8:45  Marine  
  114  8:52  Marauder x2  
  116  8:59  Marine  
  95  9:13  Marauder x2  
  87  9:27  Marine x3  
  87  9:31  Thor  
  96  9:35  Marauder x2  
  100  9:44  Marine  
  100  9:45  Marine  
  103  9:50  Refinery  
  103  9:52  Barracks Tech Lab  
  102  9:56  Marauder x2  
  106  10:02  Marine  
  106  10:03  Marine  
  108  10:13  Thor  
  111  10:14  Marauder  
  111  10:17  Marauder x2  
  111  10:20  Marine  
  111  10:21  Marine  
  87  10:36  Marauder  
  87  10:38  Marine x2  
  87  10:39  Orbital Command, Marauder x2  
  93  10:45  SCV  
  93  10:46  SCV  
  95  10:50  Command Center  
  95  10:56  Thor, Marine x2  
  105  10:57  Marauder, SCV  
  105  10:58  SCV  
  105  10:59  Factory  
  105  11:00  Marauder x2  
  111  11:07  Starport  
  111  11:08  Starport  
  111  11:09  SCV  
  111  11:10  SCV  
  113  11:12  Terran Infantry Weapons Level 2  
  113  11:14  Marine  
  116  11:18  Marauder  
  116  11:21  Marauder x2  
  116  11:22  SCV x2  
  122  11:27  Refinery  
  122  11:30  Refinery  
  118  11:40  Marauder  
  118  11:45  Marauder x2  
  118  11:46  Marine x2  
  124  11:51  Factory Tech Lab  
  126  12:01  Marauder  
  126  12:03  Marine  
  126  12:04  Marine  
  126  12:06  Marauder  
  126  12:07  Marauder  
  91  12:18  Thor  
  91  12:21  Marine x2  
  91  12:22  Orbital Command, Marauder  
  101  12:28  Marauder x2  
  101  12:29  SCV x3  
  108  12:33  Terran Infantry Armor Level 2  
  108  12:36  Terran Vehicle And Ship Armor Level 1  
  108  12:39  Marine x2, Medivac  
  108  12:41  SCV x3  
  117  12:44  Marauder  
  117  12:45  Starport Tech Lab  
  117  12:49  Marauder x2  
  121  12:53  SCV x3  
  121  12:57  Marine  
  125  13:05  Liberator, Marine, SCV x3  
  132  13:09  Liberator  
  132  13:10  Marine  
  132  13:11  Marauder  
  138  13:17  SCV x3  
  141  13:23  Marauder  
  143  13:29  Marauder  
  143  13:33  Refinery  
  145  13:35  Refinery  
  145  13:39  SCV  
  145  13:40  SCV x3  
  149  13:43  Marauder  
  149  13:44  Marauder, Marine x2, Command Center  
  155  13:50  Marauder  
  155  13:52  SCV x4  
  158  14:02  Marine x2  
  156  14:04  Marauder, SCV x2  
  156  14:06  Marauder  
  162  14:11  Marauder  
  156  14:19  Marine  
  156  14:20  Marine  
  156  14:21  Thor  
  161  14:26  Marauder  
  163  14:37  Marauder  
  164  14:41  Marauder  
  164  14:56  Marauder, Thor, Marine x2, Medivac x2  
  164  14:59  Supply Depot  
  178  15:00  Supply Depot x2  
  178  15:01  Orbital Command, Supply Depot  
  178  15:02  Supply Depot x2  
  178  15:04  Marauder  
  178  15:05  Marauder  
  177  15:08  Thor  
  172  15:16  Marine x2  
  172  15:18  Marauder  
  174  15:25  Marauder  
  174  15:26  Medivac x2  
  174  15:27  Marauder  
  167  15:33  Marine  
  167  15:34  Marine  
  169  15:38  Thor  
  169  15:39  Marauder  
  177  15:47  Marauder  
  177  15:48  Marauder  
  181  15:51  Thor, Marine x2  
  189  16:00  Marauder  
  191  16:08  Marauder  
  191  16:09  Marine x2  
  191  16:10  Marauder  
  197  16:20  SCV x2  
  197  16:24  Command Center  
  200  16:26  Command Center  
  200  16:29  Marine  
  200  16:42  Refinery  
  200  16:46  Refinery  
  200  16:49  Terran Vehicle And Ship Armor Level 2  
  200  16:51  Terran Infantry Armor Level 3, Terran Infantry Weapons Level 3  
  118  17:39  Marauder x3  
  118  17:40  Marine x2  
  104  17:54  Thor x2  
  104  17:58  Marine x2  
  117  18:00  Marauder  
  117  18:01  Marauder x2  
  117  18:04  Factory  
  112  18:05  Factory  
  112  18:13  SCV  
  112  18:14  SCV x5  
  112  18:15  SCV  
  112  18:16  Marine x2  
  121  18:22  Marauder x3  
  121  18:25  SCV  
  128  18:32  Barracks  
  128  18:33  Marine  
  129  18:34  Marine  
  129  18:36  Thor  
  129  18:37  Thor, Raven, Medivac  
  129  18:41  Orbital Command  
  146  18:43  Orbital Command, Marauder x3  
  152  18:51  Marine  
  152  18:52  Marine  
  152  19:05  Marauder x3  
  152  19:07  Factory Tech Lab, Medivac, Factory Reactor  
  152  19:09  Marine x2  
  162  19:19  Thor  
  162  19:23  Refinery  
  168  19:25  Refinery  
  168  19:26  Marauder x3  
  168  19:27  Marine x2  
  168  19:30  Refinery  
  168  19:31  SCV  
  177  19:43  Barracks Tech Lab, SCV  
  177  19:45  Marine x2  
  179  19:47  Marauder x2  
  179  19:48  Marauder, Thor x2  
  198  19:55  SCV  
  199  20:02  Marine  
  199  20:03  Marine  
  195  20:07  SCV  
  195  20:09  Marauder x2  
  195  20:20  Marine  
  195  20:21  Marine  
  188  20:27  Marauder x2  
  188  20:28  Thor  
  191  20:30  Marauder  
  199  20:38  Marine  
  200  20:57  Starport Reactor  
  200  21:03  Terran Vehicle And Ship Armor Level 3  
  200  21:08  Armory  
  186  21:48  Marauder x4, Marine  
  195  22:06  Marine  
  195  22:07  Marine  
  183  22:09  Marauder x2, Thor x2  
  199  22:17  SCV  
  200  22:27  Sensor Tower  
  172  23:14  Marauder x4  
  172  23:15  Marine x2  
  164  23:29  Thor x3  
  164  23:33  Marine x2  
  184  23:35  Marauder x3  
  184  23:36  Marauder  
  192  23:50  Marine  
  182  23:57  Marauder x4  
  182  24:02  Marine  
  184  24:06  Hellion x2  
  184  24:08  Marine  
  184  24:11  Thor  
  184  24:12  Thor x2  
  196  24:18  Marauder x2  
  196  24:20  Marine  
  193  24:26  Marine  
  193  24:28  Hellion x2  
  190  24:39  Marauder x2  
  190  24:49  Hellion x2  
  190  25:01  Marauder  
Show
View Real Time Build Order
Export as new Build Order

qqq Protoss - Winner!

Build Orders: Carriers 

Get SALT Encoding   

  12  0:02  Probe  
  13  0:18  Pylon  
  13  0:21  Probe  
  14  0:33  Probe  
  15  0:45  Probe  
  16  0:57  Probe  
  17  1:14  Nexus  
  16  1:29  Gateway  
  16  1:34  Pylon  
  16  1:37  Probe  
  17  1:56  Pylon x2  
  17  2:01  Assimilator  
  17  2:07  Assimilator  
  17  2:16  Cybernetics Core  
  17  2:32  Probe  
  17  2:36  Probe  
  18  2:44  Probe x2  
  21  2:52  Probe  
  21  2:56  Probe  
  23  3:04  Probe  
  24  3:08  Probe  
  24  3:09  Stargate  
  25  3:16  Probe  
  26  3:20  Probe  
  26  3:24  Stalker  
  26  3:25  Assimilator  
  27  3:28  Probe  
  27  3:29  Assimilator  
  27  3:32  Probe  
  29  3:40  Probe  
  32  3:44  Probe  
  33  3:52  Probe  
  34  3:57  Stargate  
  34  4:00  Phoenix  
  36  4:04  Probe  
  37  4:16  Probe  
  38  4:28  Probe  
  39  4:40  Probe  
  40  4:53  Probe  
  40  4:55  Phoenix x2  
  40  4:59  Nexus  
  45  5:01  Probe  
  46  5:09  Probe  
  47  5:19  Probe  
  47  5:20  Phoenix x2  
  51  5:22  Pylon  
  51  5:24  Pylon  
  52  5:31  Probe  
  53  5:35  Protoss Air Weapons Level 1  
  53  5:43  Probe  
  53  5:45  Phoenix x2  
  58  5:55  Probe  
  58  5:56  Fleet Beacon  
  59  6:00  Forge  
  59  6:07  Probe  
  59  6:10  Phoenix  
  62  6:17  Phoenix  
  64  6:35  Phoenix  
  64  6:42  Phoenix  
  64  6:44  Probe  
  67  6:47  Pylon  
  67  6:49  Pylon  
  67  6:52  Assimilator  
  67  6:56  Probe  
  67  6:57  Assimilator  
  67  7:00  Phoenix  
  70  7:04  Probe  
  70  7:06  Phoenix  
  72  7:10  Nexus  
  72  7:11  Anion Pulse-Crystals  
  72  7:12  Probe  
  74  7:23  Probe  
  74  7:29  Phoenix  
  77  7:34  Probe  
  78  7:42  Probe  
  78  7:45  Protoss Air Weapons Level 2  
  78  7:47  Phoenix  
  78  7:50  Probe  
  82  7:59  Phoenix  
  82  8:01  Probe  
  85  8:10  Stargate  
  85  8:13  Probe  
  86  8:23  Photon Cannon  
  86  8:24  Phoenix  
  86  8:25  Probe  
  89  8:27  Phoenix  
  89  8:28  Photon Cannon  
  89  8:31  Photon Cannon  
  91  8:38  Probe  
  91  8:39  Probe  
  89  8:49  Phoenix  
  89  8:50  Probe  
  89  8:51  Probe  
  89  8:52  Phoenix  
  81  9:00  Phoenix  
  75  9:14  Phoenix  
  75  9:17  Phoenix  
  77  9:18  Probe x2  
  77  9:25  Phoenix  
  77  9:30  Probe x2  
  77  9:31  Stargate  
  81  9:37  Photon Cannon  
  81  9:39  Phoenix  
  81  9:40  Photon Cannon  
  81  9:42  Phoenix, Probe  
  81  9:43  Photon Cannon, Probe  
  81  9:45  Photon Cannon  
  87  9:48  Photon Cannon  
  87  9:49  Assimilator  
  87  9:50  Carrier  
  93  9:54  Probe, Assimilator  
  93  9:55  Pylon, Probe  
  95  10:04  Phoenix  
  95  10:06  Phoenix  
  95  10:07  Probe x2  
  101  10:19  Probe x2  
  97  10:29  Carrier  
  97  10:31  Phoenix, Probe x2  
  99  10:48  Phoenix  
  101  10:53  Probe x2  
  101  10:54  Phoenix  
  111  10:57  Carrier  
  111  11:05  Probe x2  
  111  11:10  Nexus  
  113  11:12  Nexus  
  113  11:13  Phoenix  
  113  11:17  Probe  
  116  11:19  Phoenix  
  116  11:24  Mothership  
  126  11:29  Probe  
  127  11:33  Phoenix  
  127  11:38  Phoenix  
  131  11:41  Probe  
  132  11:52  Phoenix  
  126  11:58  Tempest  
  129  12:08  Phoenix  
  131  12:19  Phoenix  
  131  12:21  Phoenix  
  133  12:24  Probe  
  134  12:31  Pylon  
  134  12:33  Carrier  
  134  12:35  Pylon  
  134  12:37  Probe  
  141  12:41  Phoenix  
  149  12:44  Carrier  
  149  12:46  Phoenix  
  149  12:48  Pylon  
  149  12:49  Probe  
  152  12:52  Pylon  
  152  12:56  Pylon  
  152  13:01  Probe  
  152  13:02  Pylon  
  145  13:06  Carrier  
  145  13:07  Pylon  
  145  13:11  Carrier  
  155  13:13  Probe  
  155  13:18  Pylon  
  140  13:29  Pylon  
  140  13:36  Pylon  
  140  13:37  Tempest  
  140  13:41  Pylon, Probe x2  
  146  13:46  Pylon  
  154  13:48  Carrier  
  154  13:53  Probe x2  
  154  13:54  Pylon  
  152  13:57  Pylon  
  152  14:01  Protoss Air Armor Level 1  
  141  14:05  Probe x2  
  136  14:11  Carrier  
  136  14:15  Tempest  
  139  14:17  Probe  
  139  14:20  Tempest  
  139  14:52  Tempest  
  144  14:53  Robotics Facility  
  144  14:55  Stargate  
  144  14:58  Mothership  
  144  14:59  Carrier  
  157  15:03  Carrier  
  163  15:11  Probe x2  
  165  15:22  Pylon  
  165  15:23  Probe x2  
  165  15:24  Pylon  
  165  15:26  Pylon  
  167  15:29  Pylon  
  167  15:35  Probe x2  
  169  15:37  Carrier x2  
  181  16:03  Carrier  
  187  16:17  Protoss Air Weapons Level 3  
  126  16:40  Carrier  
  126  16:41  Carrier x2  
  138  16:49  Photon Cannon  
  138  16:51  Photon Cannon  
  138  16:57  Assimilator  
  138  17:01  Assimilator  
  138  17:04  Pylon  
  138  17:06  Pylon, Assimilator  
  138  17:07  Carrier  
  144  17:09  Assimilator  
  144  17:10  Probe  
  144  17:11  Probe  
  144  17:14  Photon Cannon  
  146  17:16  Photon Cannon  
  146  17:20  Photon Cannon  
  146  17:21  Pylon, Observer  
  146  17:22  Probe  
  130  17:23  Probe  
  125  17:34  Probe  
  125  17:35  Probe  
  125  17:44  Carrier  
  125  17:47  Probe  
  125  17:48  Probe  
  127  17:59  Probe  
  127  18:00  Probe  
  129  18:11  Probe  
  129  18:12  Probe  
  130  18:20  Carrier  
  130  18:21  Carrier x2, Photon Cannon  
  130  18:23  Probe  
  130  18:24  Probe, Photon Cannon  
  150  18:29  Pylon  
  150  18:32  Nexus  
  150  18:35  Probe  
  150  18:36  Probe  
  152  18:52  Probe  
  152  18:53  Probe  
  154  19:03  Observer  
  154  19:04  Probe  
  154  19:05  Carrier, Probe  
  163  19:16  Probe  
  164  19:17  Probe  
  164  19:22  Photon Cannon  
  165  19:24  Shield Battery  
  165  19:25  Shield Battery, Carrier  
  165  19:26  Photon Cannon  
  165  19:29  Probe  
  172  19:47  Carrier x2  
  184  20:08  Photon Cannon  
  184  20:09  Probe x2  
  184  20:10  Photon Cannon  
  184  20:11  Shield Battery, Carrier  
  185  20:21  Probe x2  
  187  20:33  Probe  
  188  20:40  Zealot  
  184  20:47  Gateway  
  184  20:48  Gateway  
  184  20:51  Gateway, Observer  
  184  20:53  Carrier  
  191  21:01  Probe x3  
  194  21:08  Zealot  
  196  21:12  Observer  
  196  21:13  Probe x2  
  196  21:14  Probe  
  194  21:20  Tempest  
  199  21:25  Probe  
  199  21:32  Pylon  
  200  21:35  Pylon  
  200  21:38  Pylon  
  200  21:42  Pylon  
  200  21:46  Pylon  
  199  22:09  Photon Cannon  
  199  22:10  Observer  
  199  22:11  Photon Cannon  
  199  22:14  Photon Cannon  
  200  22:17  Photon Cannon  
  169  23:42  Carrier x4  
  193  23:50  Zealot  
  193  23:54  Zealot x2  
  199  24:14  Observer  
Tags
 
Add a new tag
Caveats
  • Supply blocks, unpowered buildings, or Contaminate may cause inaccurate times.
  • Supply counts are checked every 10 seconds.